 Dungeon Crawl Stone Soup version 0.31-a0-257-gf185e81a89 (webtiles) character file.

Game seed: 391556944218712722

97 qw the Shooter (level 4, -1/36 HPs)
             Began as a Minotaur Hexslinger on July 12, 2023.
             Slain by Sigmund
             ... wielding a +1 vampiric scythe
              (9 damage)
             ... on level 3 of the Dungeon.
             The game lasted 00:00:35 (1944 turns).

qw the Shooter (Minotaur Hexslinger)                Turns: 1944, Time: 00:00:35

Health: -1/36      AC:  6    Str: 13    XL:     4   Next: 42%
Magic:  4/4        EV: 11    Int: 10    God:
Gold:   139        SH:  0    Dex: 14    Spells: 4/5 levels left

rFire   . . .        Y - +1 sling (freeze)
rCold   . . .        (no shield)
rNeg    . . .        f - +0 ring mail
rPois   .            (helmet restricted)
rElec   .            (no cloak)
rCorr   .            b - +0 pair of gloves
SInv    .            (no boots)
Will    .....        (no amulet)
Stlth   +            (no ring)
HPRegen 0.26/turn    (no ring)
MPRegen 0.09/turn

%: no passive effects
@: no status effects
A: horns 2, retaliatory headbutt
a: no special abilities


You were on level 3 of the Dungeon.
You visited 1 branch of the dungeon, and saw 3 of its levels.

You collected 139 gold pieces.


Innate Abilities, Weirdness & Mutations

You have a pair of horns on your head.
You reflexively headbutt those who attack you in melee.


   Skills:
 - Level 2.0 Fighting
 + Level 4.4 Ranged Weapons
 - Level 2.1 Armour
 - Level 2.1 Dodging
 - Level 1.0 Spellcasting
 - Level 2.0 Hexes


You had 4 spell levels left.
You knew the following spells:

 Your Spells              Type           Power      Damage    Failure   Level
a - Slow                  Hex            16%        N/A       32%         1

Your spell library contained the following spells:

 Spells                   Type           Power      Damage    Failure   Level
 Inner Flame              Hex/Fire       2%         N/A       82%         3
 Portal Projectile        Hex/Tloc       4%         N/A       82%         3
 Cause Fear               Hex            2%         N/A       97%         4

Inventory:

Hand Weapons
 Y - a +1 sling of freezing (weapon)
Armour
 b - a +0 pair of gloves (worn)
 f - a +0 ring mail (worn)
Jewellery
 j - a ring of fire
Scrolls
 c - 2 scrolls of identify
Potions
 a - a potion of curing {unknown}
 e - a potion of haste {unknown}
 g - a potion of magic {unknown}

Dungeon Overview and Level Annotations

Branches:
Dungeon (3/15)

Altars:

Annotations:
D:3 1 transporter, Sigmund


Message History

The sling bullet closely misses Sigmund.
Sigmund gestures wildly while chanting.
Sigmund flickers and vanishes!
Deactivating autopickup; reactivate with Ctrl-A.
You shoot a sling bullet. You shoot a sling bullet.
You hear some strange, mumbled words.
You are confused.
You shoot a sling bullet. You shoot a sling bullet. Something hits you.
You shoot a sling bullet. Something hits you!
You shoot a sling bullet. Something hits you but does no damage.
You shoot a sling bullet.
You feel less confused. Something hits you but does no damage.
You shoot a sling bullet. Something hits you but does no damage.
You shoot a sling bullet. Something hits you.
You shoot a sling bullet. You shoot a sling bullet.
Something completely misses you.
You shoot a sling bullet.
You hear some strange, mumbled words.
Something tries to affect you, but you resist.
You shoot a sling bullet. Something hits you.
You shoot a sling bullet. Something hits you.
You shoot a sling bullet. Something hits you.
You shoot a sling bullet.
A magic dart appears from out of thin air!
The magic dart hits you.
You shoot a sling bullet. Something hits you!
You die...

~~~SS#P8#...[....
#########.....####
..................
####..##......##.
..........<...#
####.#......%..#
###.##......)(##
.......#...##..###
.....{.@#.....>...
.....%#...........
......###.........
...... #.........
### #.........
#.........
#.........
##########


There were no monsters in sight!

Vanquished Creatures
  Terence (D:2)
  2 adders
  2 worms (D:2)
  2 dart slugs
  3 ball pythons (D:1)
  7 endoplasms
  2 giant cockroaches
  4 goblins
  4 hobgoblins
  2 quokkas
  A bat (D:1)
  5 frilled lizards
  6 kobolds
  A rat (D:3)
42 creatures vanquished.

Notes
Turn   | Place    | Note
-------+----------+-------------------------------------------
     0 | D:1      | qw the Minotaur Hexslinger began the quest for the Orb.
     0 | D:1      | Reached XP level 1. HP: 16/16 MP: 1/1
     0 | D:1      | 0 ||| qw: Version: 0.3-a-52-g30416fa
     0 | D:1      | 0 ||| qw: Game counter: 6775
     0 | D:1      | 0 ||| qw: Melee chars always use a shield: true
     0 | D:1      | 0 ||| qw: God list: Okawaru
     0 | D:1      | 0 ||| qw: Allow faded altars: false
     0 | D:1      | 0 ||| qw: Do Orc after clearing Dungeon:15 true
     0 | D:1      | 0 ||| qw: Do second Lair branch before Depths: true
     0 | D:1      | 0 ||| qw: Lair rune preference: random
     0 | D:1      | 0 ||| qw: Goals: Normal
     0 | D:1      | 0 ||| PLANNING D:1-11
   341 | D:1      | Reached skill level 3 in Ranged Weapons
   361 | D:1      | Reached XP level 2. HP: 23/23 MP: 2/2
   768 | D:1      | 768 ||| UPGRADING to +0 ring mail.
   778 | D:1      | 778 ||| DROPPING +0 robe.
   779 | D:1      | 779 ||| READING scroll labelled UNYOGU NELEDDI.
   780 | D:1      | 780 ||| READING scroll labelled XANAUZ YBREC.
   781 | D:1      | 781 ||| DROPPING scroll of poison.
  1121 | D:2      | Reached XP level 3. HP: 29/29 MP: 3/3
  1262 | D:2      | Reached skill level 4 in Ranged Weapons
  1532 | D:2      | Noticed Terence
  1546 | D:2      | Killed Terence
  1547 | D:2      | Reached XP level 4. HP: 15/36 MP: 4/4
  1834 | D:2      | 1834 ||| UPGRADING to +0 pair of gloves.
  1839 | D:2      | 1839 ||| READING 2 scrolls labelled ADIAHOUQUO.
  1840 | D:2      | 1840 ||| READING scroll labelled MAIFAD KIAXISM.
  1841 | D:2      | 1841 ||| READING scroll labelled COROES TABU.
  1845 | D:2      | 1845 ||| DROPPING potion of invisibility.
  1895 | D:3      | Found a transporter.
  1925 | D:3      | Noticed Sigmund
  1943 | D:3      | HP: 7/36 [something/magic dart (5)]
  1944 | D:3      | Slain by Sigmund

Levels and vault maps discovered:
D:1:      sevenhm_arrival_forest_fort_small_3, layout_loops_ring,
          minmay_quantized
D:2:      layout_basic, minmay_misc_feat_x, grunt_ministairs_11,
          minmay_fractal_squares_gapless_5, uniq_terence
D:3:      gammafunk_steamed_eel, layout_rooms,
          nzn_overflow_gifts_of_might_and_magic, mainiacjoe_overflow_chevrons,
          ebering_ecumenical_altar_mist, minmay_misc_feat_more_columns,
          uniq_robin, uniq_sigmund, uniq_grinder, uniq_crazy_yiuf_cottage

Skill      XL: |  1  2  3 |
---------------+----------+-----
Ranged Weapons | 3 4 |  4.4
Fighting       | 2 |  2.0
Armour         | 2 |  2.1
Dodging        | |  2.1
Spellcasting   | |  1.0
Hexes          | |  2.0

Action                     |  1- 3 |  4- 6 || total
---------------------------+-------+-------++-------
   Fire: Sling             |    96 |    32 ||   128
    Use: Scroll            |     2 |     3 ||     5
 Armour: Ring mail         |     8 |     6 ||    14
  Dodge: Dodged            |    20 |     4 ||    24

Table legend:
 A = Non-vault XP
 B = Vault XP
 C = Vault XP percentage of total XP
 D = Non-vault monster count
 E = Vault monster count
 F = Vault count percentage of total count
                 A         B        C        D         E       F
            +---------+---------+-------+---------+---------+-------
      Total |      69 |      70 |  50.4 |      29 |      13 |  31.0
            +---------+---------+-------+---------+---------+-------
        D:1 |      25 |       5 |  16.7 |      14 |       3 |  17.6
        D:2 |      24 |      65 |  73.0 |      11 |      10 |  47.6
        D:3 |      20 |       0 |   0.0 |       4 |       0 |   0.0
            +---------+---------+-------+---------+---------+-------
